 Dungeon Sprint DCSS version bcrawl-1.27.1d (webtiles) character file.

Game seed: 10715742572193909680

68 Freyura the Cruncher (level 8, -6/67 HPs)
             Began as a Demonspawn Gladiator on July 27, 2020.
             Was an Elder of Qazlal.
             Mangled by a killer bee (11 damage)
             ... in the Dungeon (Sprint VI: "Thunderdome").
             The game lasted 00:06:50 (600 turns).

Freyura the Cruncher (Demonspawn Gladiator)          Turns: 600, Time: 00:06:51

Health: -6/67      AC:  4    Str: 18    XL:     8   Next: 4%
Magic:  13/13      EV: 19    Int:  9    God:    Qazlal [****..]
Gold:   175        SH:  5    Dex: 22    Spells: 7/7 levels left

rFire    . . .     SeeInvis .   a - +0 quarterstaff
rCold    . . .     Gourm    .   (shield currently unavailable)
rNeg     + + +     Faith    .   b - +0 leather armour
rPois    +         Spirit   .   c - +0 helmet
rElec    +         Reflect  .   (no cloak)
rCorr    .         Harm     .   (gloves unavailable)
MR       +....     NoTele   +   (no boots)
Stlth    ++........             q - amulet of the Scarab {Regen rPois rN++}
HPRegen  0.60/turn              j - ring of the Echidna {+Inv rPois rN+ Str+2}
MPRegen  0.13/turn              p - ring of Halloqae {rElec MR+ Dex+6}

@: lethally poisoned (-6 -> -10), repel missiles
A: claws 3, talons 2, nightstalker 1
a: Upheaval, Elemental Force, Renounce Religion, Evoke Invisibility


You were in the Dungeon.
You worshipped Qazlal.
Qazlal was greatly pleased with you.
You were hungry.

You visited 1 branch You collected 310 gold pieces.
You spent 135 gold pieces at shops.

Inventory:

Hand Weapons
 a - a +0 quarterstaff (weapon)
Missiles
 d - 3 throwing nets {=f}
Armour
 b - a +0 leather armour (worn)
 c - a +0 helmet (worn)
Jewellery
 j - the ring of the Echidna (left claw) {+Inv rPois rN+ Str+2}
   (You bought it in a shop in the Dungeon)

   [ring of positive energy]

   It affects your strength (+2).
   It protects you from poison.
   It protects you from negative energy.
   It lets you turn invisible.
 p - the ring of Halloqae (right claw) {rElec MR+ Dex+6}
   (You bought it in a shop in the Dungeon)

   [ring of protection from magic]

   It affects your dexterity (+6).
   It insulates you from electricity.
   It affects your resistance to hostile enchantments.
 q - the amulet of the Scarab (around neck) {Regen rPois rN++}
   (You bought it in a shop in the Dungeon)

   [amulet of regeneration]

   It protects you from poison.
   It greatly protects you from negative energy.
Wands
 f - a wand of disintegration (15)
 m - a wand of acid (5)
 n - a wand of iceblast (5)
 r - a wand of polymorph (10)
Scrolls
 k - 4 scrolls of blinking
 o - 3 scrolls of fog
Potions
 g - 3 potions of heal wounds
 h - 4 potions of haste
 i - 2 potions of magic
 l - a potion of resistance
Comestibles
 e - a ration {!d}


   Skills:
 + Level 7.2 Fighting
 * Level 10.1 Staves
 - Level 3.4 Throwing
 + Level 5.2 Armour
 + Level 8.4 Dodging
 + Level 7.1 Invocations


You had 7 spell levels left.
You didn't know any spells.
Your spell library was empty.

Dungeon Overview and Level Annotations

Branches:
Dungeon (1/1)

Altars:
Cheibriados
Dithmenos
Fedhas
Gozag
Kikubaaqudgha
Lugonu
Makhleb
Okawaru
Qazlal
Ru
Sif Muna
Trog
Uskayaw
Vehumet
Wu Jian
Xom
Yredelemnul
Zin
The Shining One
Beogh
Jiyva

Shops:
D *[%??*?*:[((!!!!


Innate Abilities, Weirdness & Mutations

You have claws for hands.
You have razor-sharp toenails.
You are slightly more attuned to the shadows.


Message History

The queen bee is lightly wounded.
You feel sick. The killer bee misses you. The killer bee barely misses you. x2
The killer bee completely misses you. The queen bee misses you.
You sock the queen bee!
You claw the queen bee, but do no damage.
The queen bee is moderately wounded.
You feel sick.
The killer bee stings you. x3; The killer bee stings you!
* * * LOW HITPOINT WARNING * * *
The queen bee calls on the killer bee to defend it!
The killer bee goes berserk!
The queen bee calls on the killer bee to defend it!
The killer bee goes berserk!
You feel much better.
You feel sick. The killer bee stings you! x2
* * * LOW HITPOINT WARNING * * *
The killer bee stings you.
* * * LOW HITPOINT WARNING * * *
The killer bee barely misses you. The killer bee stings you.
* * * LOW HITPOINT WARNING * * *
The killer bee stings you!
You die...

#⌠...........⌠#
######.8.........8)####
##∩_._......###......___
###∩........8.# #.8)....(.
##.............###.).......
#⌠..........###...###......
#⌠......°○..# #.<.# #......
#⌠.......yy.###...###......
##......☼y@§...###.........
###∩....††.§8.# #.8.......
##∩__.°.☼...###......___
######[8÷........8.####
#⌠...........⌠#
###.........### #_......._#
#_......._# #_......._#


You could see a queen bee and 2 killer bees.

Vanquished Creatures
  Pikel (D)
  Sigmund (D)
  3 big kobolds (D)
  4 killer bees (D)
  Ijyb (D)
  An adder (D)
  A bat skeleton (D)
  A goblin (D)
  A bat (D)
  2 frilled lizards (D)
  4 kobolds (D)
20 creatures vanquished.

Notes
Turn   | Place    | Note
-------+----------+-------------------------------------------
     0 | D        | Freyura the Demonspawn Gladiator began the quest for the
                  | Orb.
     0 | D        | Reached XP level 1. HP: 16/16 MP: 1/1
     3 | D        | Found a hide-covered altar of Uskayaw.
     3 | D        | Found a snail-covered altar of Cheibriados.
     4 | D        | Found a bloodstained altar of Trog.
     4 | D        | Found an opulent altar of Gozag.
     5 | D        | Found a blossoming altar of Fedhas.
     5 | D        | Round 1.
     6 | D        | Found a glowing golden altar of the Shining One.
     6 | D        | Found a basalt altar of Yredelemnul.
     6 | D        | Found Bohav's Staff Store.
     6 | D        | Found Hamuegh's Magic Scroll Shop.
     7 | D        | Found a burning altar of Makhleb.
     7 | D        | Found Vigyis's Must-Have Magic.
     7 | D        | Found Kitte's Magic Scroll Shop.
     8 | D        | Found Waott's Distillery.
    10 | D        | Noticed Sigmund
    14 | D        | Reached skill level 3 in Staves
    14 | D        | Gained mutation: You have sharp toenails. [demonic
                  | ancestry]
    14 | D        | Reached XP level 2. HP: 9/23 MP: 2/2
    22 | D        | Killed Sigmund
    22 | D        | Reached skill level 6 in Staves
    22 | D        | Reached skill level 1 in Armour
    22 | D        | Gained mutation: You have sharp fingernails. [demonic
                  | ancestry]
    22 | D        | Reached XP level 3. HP: 30/30 MP: 3/3
    22 | D        | Gained mutation: You have razor-sharp toenails. [demonic
                  | ancestry]
    22 | D        | Reached XP level 4. HP: 37/37 MP: 4/4
    22 | D        | Reached XP level 5. HP: 42/42 MP: 5/5
    23 | D        | Found Cyibo's Distillery.
    25 | D        | Found Vusmoust's Bottled Wisdom.
    26 | D        | Found a shadowy altar of Dithmenos.
    26 | D        | Found a glowing silver altar of Zin.
    26 | D        | Found a shimmering blue altar of Sif Muna.
    26 | D        | Found Jomn's Do-It-Yourself Clinic.
    30 | D        | Found an iron altar of Okawaru.
    31 | D        | Found an ancient bone altar of Kikubaaqudgha.
    32 | D        | Found a roughly hewn altar of Beogh.
    34 | D        | Found Kuriaj's Weapon Rack.
    36 | D        | Found Irhusuc's Basic Armour.
    36 | D        | Found Soekk's Miscellaneous Merchandise.
    38 | D        | Found a sacrificial altar of Ru.
    38 | D        | Found a shimmering altar of Xom.
    38 | D        | Found a radiant altar of Vehumet.
    38 | D        | Found Nattamir's Premium Goods.
    47 | D        | Found an ornate altar of the Wu Jian Council.
    49 | D        | Found a stormy altar of Qazlal.
    51 | D        | Found Ikuimapp's Identification Station.
    52 | D        | Found a corrupted altar of Lugonu.
    52 | D        | Found a viscous altar of Jiyva.
    52 | D        | Found Lyoq's Delicious Food.
    53 | D        | Found Orerph's Advanced Armour.
    53 | D        | Found Exiefe's Jewellery.
    66 | D        | Became a worshipper of Qazlal Stormbringer
    76 | D        | Bought a crude platinum ring for 45 gold pieces
    76 | D        | Bought a crude platinum ring for 45 gold pieces
    76 | D        | Bought a pitted graven amulet for 45 gold pieces
    76 | D        | Identified the ring of the Echidna {+Inv rPois rN+ Str+2}
                  | (You bought it in a shop in the Dungeon)
    77 | D        | Identified the ring of Halloqae {rElec MR+ Dex+6} (You
                  | bought it in a shop in the Dungeon)
    78 | D        | Identified the amulet of the Scarab {Regen rPois rN++} (You
                  | bought it in a shop in the Dungeon)
   119 | D        | Reached * piety under Qazlal
   121 | D        | Arena points: 14 (+14) [x2]
   188 | D        | Round 2.
   258 | D        | Reached ** piety under Qazlal
   277 | D        | Noticed Ijyb
   290 | D        | Killed Ijyb
   290 | D        | Reached skill level 7 in Staves
   290 | D        | Reached skill level 1 in Invocations
   319 | D        | Reached skill level 5 in Fighting
   319 | D        | Gained mutation: You are slightly more attuned to the
                  | shadows. [demonic ancestry]
   319 | D        | Reached XP level 6. HP: 51/51 MP: 6/8
   340 | D        | Noticed Pikel
   359 | D        | Killed Pikel
   359 | D        | Arena points: 50 (+36) [x3]
   359 | D        | Reached skill level 9 in Staves
   359 | D        | Gained mutation: You have very sharp fingernails. [demonic
                  | ancestry]
   359 | D        | Reached XP level 7. HP: 48/59 MP: 8/11
   389 | D        | Round 3.
   408 | D        | Reached *** piety under Qazlal
   567 | D        | Arena points: 68 (+18) [x1]
   582 | D        | Round 4.
   585 | D        | Reached **** piety under Qazlal
   585 | D        | Reached skill level 5 in Armour
   589 | D        | Noticed a queen bee
   590 | D        | Reached skill level 10 in Staves
   591 | D        | Gained mutation: You have claws for hands. [demonic
                  | ancestry]
   591 | D        | Reached XP level 8. HP: 49/67 MP: 13/13
   600 | D        | Mangled by a killer bee

Skill      XL: |  1  2  3  4  5  6  7 |
---------------+----------------------+-----
Staves         | 3 6 7 9 10 | 10.1
Throwing       | 2 3 |  3.4
Dodging        | 3 6 8 |  8.4
Fighting       | 4 5 6 7 |  7.2
Armour         | 1 2 4 5 |  5.2
Invocations    | 2 6 7 |  7.1

Action                   |  1- 3 |  4- 6 |  7- 9 || total
-------------------------+-------+-------+-------++-------
Melee: Quarterstaff      |     9 |    35 |    39 ||    83
       Kick              |     1 |    20 |    17 ||    38
  Use: Potion            |     2 |       |     1 ||     3
Armor: Leather armour    |       |     7 |     3 ||    10
Dodge: Dodged            |     5 |    17 |    37 ||    59
Block: Other             |       |     3 |     8 ||    11
